 Dungeon Crawl Stone Soup version 0.20.1-1-g8b1a95d (webtiles) character file.

119 Firecrotchwizard the Chopper (level 5, -4/47 HPs)
             Began as a Hill Orc Monk on Oct 29, 2017.
             Slain by a river rat (6 damage)
             ... summoned by Eustachio
             ... on level 4 of the Dungeon.
             The game lasted 00:05:18 (3246 turns).

Firecrotchwizard the Chopper (Hill Orc Monk)        Turns: 3246, Time: 00:05:18

Health: -4/47      AC:  8    Str: 14    XL:     5   Next: 3%
Magic:  5/5        EV:  6    Int: 10    God:
Gold:   209        SH:  5    Dex: 14    Spells: 4/4 levels left

rFire    . . .     SeeInvis .   a - +0 hand axe
rCold    . . .     Gourm    .   m - +2 buckler
rNeg     . . .     Faith    .   w - +0 chain mail
rPois    .         Spirit   .   (no helmet)
rElec    .         Reflect  .   (no cloak)
rCorr    .         Harm     .   (no gloves)
MR       .....                  (no boots)
Stlth    ..........             (no amulet)
Regen    0.2/turn               (no ring)
MPRegen  0.1/turn               (no ring)

@: no status effects
A: no striking features
a: no special abilities


You were on level 4 of the Dungeon.
You were not hungry.

You visited 1 branch of the dungeon, and saw 4 of its levels.

You collected 209 gold pieces.

Inventory:

Hand Weapons
 a - a +0 hand axe (weapon)
 p - a +0 blowgun
   (You took it off a kobold on level 3 of the Dungeon)
 s - a +0 dagger of venom
   (You took it off a kobold on level 3 of the Dungeon)
Missiles
 q - 8 poisoned needles
Armour
 m - a +2 buckler (worn)
   (You found it on level 1 of the Dungeon)
 o - a +0 ring mail
   (You found it on level 2 of the Dungeon)
 w - a +0 chain mail (worn)
   (You took it off an orc on level 3 of the Dungeon)
Jewellery
 z - a +2 ring of evasion {unknown}
   (You found it on level 4 of the Dungeon)
Scrolls
 f - a scroll of amnesia {unknown}
 h - 4 scrolls of teleportation {unknown}
 l - a scroll of immolation {unknown}
 t - 3 scrolls of identify {unknown}
 y - 2 scrolls of fog {unknown}
 A - a scroll of enchant weapon {unknown}
Potions
 b - 2 potions of berserk rage {unknown}
 e - a potion of magic {unknown}
 g - a potion of might {unknown}
 i - 2 potions of heal wounds {unknown}
 j - 2 potions of curing {unknown}
 k - a potion of cancellation {unknown}
 u - a potion of agility {unknown}
 x - a potion of haste {unknown}
Comestibles
 c - 3 bread rations {@e1}
 d - 2 meat rations {@e2}
 n - a royal jelly
 r - 4 fruits
 v - 5 chunks of flesh {@w0}


   Skills:
 + Level 4.8 Fighting
 * Level 5.6 Axes
 + Level 2.1 Armour
 - Level 2.4 Dodging
 - Level 1.5 Stealth


You had 4 spell levels left.
You didn't know any spells.

Dungeon Overview and Level Annotations

Branches:
Dungeon (4/15)
 Temple: D:4-7

Altars:

Annotations:
D:4 Eustachio


Message History

You butcher the ball python corpse.
v - 7 chunks of flesh {@w0} (gained 4)
You see here a ball python skeleton. x2
A - a scroll labeled LOOCLO HEPPU You see here a ball python skeleton.
Eating one of 7 chunks of flesh {@w0}.
You eat one of the 7 chunks of flesh {@w0}.
Eustachio the Magnificent comes into view.
He is wielding a falchion.
Eustachio yells, "Perjured traitor, DIE!"
Eustachio gestures wildly while chanting.
You see here a ball python skeleton.
Eustachio mumbles some strange words.
Eustachio blinks!
You hit Eustachio but do no damage.
Eustachio mumbles some strange words.
You hit Eustachio. You hit the river rat but do no damage.
Eustachio hits you but does no damage. The river rat barely misses you.
Some of the chunks of flesh in your inventory have rotted away.
You hit Eustachio but do no damage. You hit the river rat.
Eustachio hits you but does no damage. You block the river rat's attack.
You hit Eustachio. You hit the river rat.
Eustachio casts a spell.
Eustachio blinks!
The river rat bites you.
You take 1 damage, and have 46/47 hp.
You hit the river rat. You hit the river rat but do no damage.
Eustachio mumbles some strange words.
Eustachio blinks!
The river rat bites you. You block the river rat's attack.
You take 2 damage, and have 44/47 hp.
You hit the river rat.
Your shield prevents you from hitting the river rat.
Eustachio casts a spell.
Eustachio blinks!
The river rat bites you. The river rat barely misses you.
You take 3 damage, and have 41/47 hp.
You slash the river rat!
You kill the river rat!
The river rat's corpse disappears in a puff of smoke!
You hit the river rat but do no damage. The river rat closely misses you.
You barely miss Eustachio.
You hit the river rat. x2; The river rat bites you.
Eustachio gestures wildly while chanting.
The river rat bites you.
You take 7 damage, and have 35/47 hp.
You hit Eustachio. You closely miss the river rat. You hit the river rat.
The river rat bites you but does no damage.
You block Eustachio's attack. The river rat bites you.
You take 1 damage, and have 34/47 hp.
You closely miss Eustachio. You barely miss the river rat.
You hit the river rat but do no damage.
The river rat bites you but does no damage.
Eustachio hits you but does no damage. The river rat closely misses you.
Your chain mail prevents you from hitting Eustachio.
You hit the river rat. You hit the river rat but do no damage.
You hit the iron imp.
The iron imp hits you but does no damage.
The river rat bites you.
The river rat bites you but does no damage.
Eustachio barely misses you.
You take 3 damage, and have 31/47 hp.
You hit Eustachio but do no damage.
You hit the river rat but do no damage. x2
You hit the iron imp but do no damage. The river rat closely misses you.
The iron imp hits you. You block the river rat's attack.
The iron imp laughs crazily.
Eustachio hits you with a falchion.
You take 4 damage, and have 27/47 hp.
You closely miss Eustachio. You hit the iron imp.
You barely miss the river rat. x2; The river rat closely misses you.
The river rat bites you but does no damage.
The iron imp hits you. Eustachio hits you with a falchion.
You take 5 damage, and have 22/47 hp.
You miss Eustachio. You hit the river rat. x2
You hit the iron imp but do no damage. The river rat bites you.
You block the river rat's attack. The iron imp barely misses you.
Eustachio hits you but does no damage.
You take 6 damage, and have 16/47 hp.
You hit Eustachio. You closely miss the iron imp.
You closely miss the river rat. x2
The river rat bites you but does no damage. x2
You hit Eustachio but do no damage.
You hit the river rat but do no damage. x2
You hit the iron imp.
Eustachio gestures wildly while chanting.
Eustachio blinks!
The iron imp hits you.
* * * LOW HITPOINT WARNING * * *
The river rat bites you.
* * * LOW HITPOINT WARNING * * *
The river rat bites you.
* * * LOW HITPOINT WARNING * * *
You take 5 damage, and have 11/47 hp.
You hit the iron imp but do no damage. You closely miss the river rat.
You hit the river rat but do no damage.
Your chain mail prevents you from hitting the iron imp.
The river rat bites you.
* * * LOW HITPOINT WARNING * * *
The iron imp hits you!
* * * LOW HITPOINT WARNING * * *
The river rat bites you but does no damage.
The iron imp hits you but does no damage.
You take 9 damage, and have 2/47 hp.
You slash the iron imp! You hit the river rat but do no damage.
You barely miss the river rat. You closely miss the iron imp.
You block the river rat's attack. The river rat bites you.
You die... ##..<.### .. br.

#....>..# ... #r#
##....#.## ..# #.#
#..#....##...# # #.#
#..#.......# #.##.##
#..##<..##...#
#.#...######..###.##
.#
#.......##5...###.#
###...#.r@5.......#
##.#####r#.######
#.# #5#.# #.# #@#.#
#.# #.#.# #.# #.#.#
#.# #.... #.. .....
### ###


You could see Eustachio, 3 iron imps and 2 river rats.

Vanquished Creatures
  2 adders (D:2)
  3 worms
  4 dart slugs
  A leopard gecko (D:3)
  6 orcs (D:3)
  5 giant cockroaches (D:2)
  3 goblins
  11 hobgoblins
  6 jackals (D:3)
  11 kobolds
  4 quokkas
  2 ball pythons
  4 bats
  5 frilled lizards
  6 rats
73 creatures vanquished.

Notes
Turn   | Place    | Note
-------+----------+-------------------------------------------
     0 | D:1      | Firecrotchwizard the Hill Orc Monk began the quest for the Orb.
     0 | D:1      | Reached XP level 1. HP: 19/19 MP: 1/1
    79 | D:1      | Reached XP level 2. HP: 16/27 MP: 2/2
   318 | D:1      | Reached skill level 1 in Armour
   802 | D:1      | Reached XP level 3. HP: 28/33 MP: 3/3
  1349 | D:2      | Reached skill level 5 in Axes
  1523 | D:2      | Reached skill level 4 in Fighting
  1578 | D:2      | Reached skill level 2 in Armour
  1602 | D:2      | Reached XP level 4. HP: 24/40 MP: 4/4
  2996 | D:3      | Reached XP level 5. HP: 44/47 MP: 5/5
  3221 | D:4      | Noticed Eustachio
  3244 | D:4      | HP: 11/47 [river rat[Eustachio] (2)]
  3245 | D:4      | HP: 2/47 [iron imp[Eustachio] (7)]
  3246 | D:4      | Slain by a river rat

Skill      XL: |  1  2  3 |
---------------+----------+-----
Armour         | 1 2 |  2.1
Axes           | 5 |  5.6
Fighting       | 4 |  4.8
Dodging        | |  2.4
Stealth        | |  1.5

Action                   |  1- 3 |  4- 6 || total
-------------------------+-------+-------++-------
Melee: Hand axe          |   132 |   119 ||   251
 Stab: Sleeping          |     2 |     1 ||     3
  Eat: Chunk             |     2 |     6 ||     8
Armor: Robe              |    17 |       ||    17
       Ring mail         |       |    24 ||    24
       Chain mail        |       |    27 ||    27
Dodge: Dodged            |    69 |    52 ||   121
Block: Buckler           |    16 |    37 ||    53

Vault maps used:
D:1:      evilmike_arrival_run_for_it, supply_closet_lemuel, kennysheep_boxes
D:2:      minmay_misc_feat_hallway
D:3:      first_bread
D:4:      nicolae_overflow_quartered_altars, minmay_temple_entry_poolview,
          uniq_robin, uniq_eustachio, uniq_crazy_yiuf_cottage

Table legend:
 A = Turns spent in this place as a percentage of turns spent in the entire game.
 B = Non-inter-level travel turns spent in this place as a percentage of non-inter-level travel turns spent in the entire game.
 C = Inter-level travel turns spent in this place as a percentage of turns spent in this place.
 D = Turns resting spent in this place as a percentage of non-inter-level travel turns spent in this place.
 E = Turns spent auto-exploring this place as a percentage of non-inter-level travel turns spent in this place.
 F = Non-inter-level travel turns spent in this place divided by the number of levels of this place that you've seen.
                   A       B       C       D       E      F
               +-------+-------+-------+-------+-------+----------------------
         Total | 100.0 | 100.0 |   0.4 |   2.7 |  12.2 | 184.2
       Dungeon | 100.0 | 100.0 |   0.4 |   2.7 |  12.2 | 184.2
               +-------+-------+-------+-------+-------+----------------------

Table legend:
 A = Kills in this place as a percentage of kills in entire the game.
 B = Kills by you in this place as a percentage of kills by you in the entire game.
 C = Kills by friends in this place as a percentage of kills by friends in the entire game.
 D = Other kills in this place as a percentage of other kills in the entire game.
 E = Experience gained in this place as a percentage of experience gained in the entire game.
 F = Experience gained in this place divided by the number of levels of this place that you have seen.
                   A       B       C       D       E      F
               +-------+-------+-------+-------+-------+----------------------
         Total | 100.0 | 100.0 |  -nan |  -nan | 100.0 |  42.8
       Dungeon | 100.0 | 100.0 |  -nan |  -nan | 100.0 |  42.8
               +-------+-------+-------+-------+-------+----------------------
